 Dungeon Crawl Stone Soup version 0.17-a0-227-gf5308cc (webtiles) character file.

324 Herrn the Shield-Bearer (level 6, -2/72 HPs)
             Began as a Formicid Fighter on Mar 30, 2015.
             Slain by an ogre
             ... wielding a +0 giant club
              (6 damage)
             ... on level 4 of the Dungeon.
             The game lasted 00:09:57 (4112 turns).

Herrn the Shield-Bearer (Formicid Fighter)          Turns: 4112, Time: 00:09:57

Health: -2/72      AC: 23    Str: 22      XL:     6   Next: 78%
Magic:  8/8        EV:  2    Int:  8      God:
Gold:   163        SH: 10    Dex: 12 (15) Spells: 0 memorised, 5 levels left

rFire  . . .     SeeInvis .     a - +1 flail
rCold  . . .     Clarity  .     (armour currently unavailable)
rNeg   + + +     SustAb   .     c - +0 shield
rPois  +         Gourm    .     (helmet unavailable)
rElec  .         Spirit   .     (cloak currently unavailable)
rCorr  .         Warding  .     (gloves currently unavailable)
rMut   .         Stasis   +     (boots currently unavailable)
MR     .....                    (no amulet)
Stlth  ++........               (no ring)
                                m - ring of poison resistance

@: agile, tree-form, not resistant to hostile enchantments, unstealthy
A: permanent stasis, dig shafts and tunnels, four strong arms, (antennae 0),
(iridescent scales 0), (molten scales 0), blurry vision 1
a: no special abilities


You were on level 4 of the Dungeon.
You were near starving.
You were a tree.
You visited 1 branch of the dungeon, and saw 4 of its levels.
You visited the Abyss 1 time.

You collected 163 gold pieces.

Inventory:

Hand weapons
 a - a +1 flail (weapon)
 e - a +1 hand axe of holy wrath
Armour
 b - a +0 scale mail
 c - a +0 shield (worn)
 l - a +0 chain mail
 n - a +2 scale mail of fire resistance (melded)
Jewellery
 m - a ring of poison resistance (left branch)
 t - an uncursed ring of fire
Scrolls
 f - 2 scrolls of enchant weapon
 j - a scroll of recharging {unknown}
 k - 2 scrolls of fog {unknown}
 q - a scroll of blinking {unknown}
 s - a scroll of noise {unknown}
 x - a scroll of magic mapping {unknown}
 y - a scroll of fear {unknown}
Potions
 g - a potion of haste
 v - a potion of restore abilities
Comestibles
 d - 2 bread rations
 i - a royal jelly
 p - a slice of pizza
 w - 2 meat rations
 z - 4 fruits


   Skills:
 + Level 3.7 Fighting
 * Level 4.0 Maces & Flails
 + Level 4.4 Armour
 + Level 2.3 Dodging
 + Level 5.0 Shields


You had 5 spell levels left.
You didn't know any spells.

Dungeon Overview and Level Annotations

Branches:
Dungeon (4/15)
 Temple: D:4-7

Altars:
Elyvilon
Kikubaaqudgha
Nemelex Xobeh
Vehumet
The Shining One

Annotations:
D:4 Ngotmuk's ghost, average DsAK


Innate Abilities, Weirdness & Mutations

You are under a permanent stasis effect.
You can dig through walls and to a lower floor.
Your four strong arms can wield two-handed weapons with a shield.
((You have a pair of large antennae on your head (SInv).))
((You are partially covered in iridescent scales (AC +4).))
((You are partially covered in molten scales (AC +1).))
Scrolls take you a little longer to read.


Message History

The ogre is moderately wounded.
The ogre hits you with a giant club!!
Ouch! That really hurt!
* * * LOW HITPOINT WARNING * * *
The mummy misses you.
Drink which item? (? for menu, Esc to quit)
You feel better.
Drink which item? (? for menu, Esc to quit)
It was a potion of lignification.
You turn into a tree.
Your +2 scale mail of fire resistance melds into your body.
You feel less resistant to fire.
Your roots penetrate the ground.
The ogre hits you with a giant club!
* * * LOW HITPOINT WARNING * * *
Drink which item? (? for menu, Esc to quit)
It was a potion of mutation.
You feel extremely strange.
Molten scales grow over part of your body.
Iridescent scales grow over part of your body.
Your vision blurs.
The ogre hits you with a giant club.
You die...

###########
#...O♣....#
#..######.## ##
##..#!#..#..##...##
#...#!#..M..(...[..
#...#.#....##O.....
#..{#....#.# .....
#...######.## ...#
. #....{......##..?
#.#
#.......M.........
#...


You could see an ogre.

Vanquished Creatures
  Sigmund (D:2)
  A scorpion (D:4)
  An orc wizard (D:4)
  Terence (D:2)
  7 adders
  5 worms
  3 giant geckos (D:2)
  2 oozes
  2 orcs (D:4)
  10 bats
  8 hobgoblins
  8 jackals (D:1)
  4 kobolds
  2 giant cockroaches (D:3)
  A giant newt (D:1)
  3 goblins
  2 hobgoblin zombies (D:4)
  A kobold zombie (D:4)
  An orc zombie (D:4)
  5 rats
68 creatures vanquished.

Notes
Turn   | Place    | Note
--------------------------------------------------------------
     0 | D:1      | Herrn, the Formicid Fighter, began the quest for the Orb.
     0 | D:1      | Reached XP level 1. HP: 18/18 MP: 1/1
   113 | D:1      | Reached XP level 2. HP: 14/24 MP: 3/3
   697 | D:1      | Reached XP level 3. HP: 27/29 MP: 4/4
   965 | D:2      | Noticed Sigmund
   988 | D:2      | Killed Sigmund
   988 | D:2      | Reached skill level 4 in Armour
   988 | D:2      | Reached skill level 1 in Dodging
   988 | D:2      | Reached XP level 4. HP: 14/35 MP: 5/5
   988 | D:2      | Reached XP level 5. HP: 16/41 MP: 7/7
  1361 | D:2      | Found an ancient bone altar of Kikubaaqudgha.
  1655 | D:2      | Noticed Terence
  1657 | D:2      | Cast into the Abyss (Terence)
  1673 | D:2      | Escaped the Abyss
  1679 | D:2      | Killed Terence
  2311 | D:3      | Reached XP level 6. HP: 45/48 MP: 8/8
  2426 | D:3      | Found a glowing golden altar of the Shining One.
  2542 | D:3      | Found a white marble altar of Elyvilon.
  2764 | D:3      | Found a sparkling altar of Nemelex Xobeh.
  3029 | D:4      | Found a radiant altar of Vehumet.
  3313 | D:4      | Noticed Ngotmuk's ghost (average DsAK)
  3615 | D:4      | Reached skill level 5 in Shields
  4112 | D:4      | Gained mutation: You are partially covered in molten scales (AC +1). [potion of mutation]
  4112 | D:4      | Gained mutation: You are partially covered in iridescent scales (AC +4). [potion of mutation]
  4112 | D:4      | Gained mutation: Scrolls take you a little longer to read. [potion of mutation]
  4112 | D:4      | Slain by an ogre

Action                   |  1- 3 |  4- 6 || total
-------------------------+-------+-------++-------
Melee: Flail             |   100 |   267 ||   367
 Abil: Dig               |     2 |     5 ||     7
  Use: Potion            |     1 |     5 ||     6
       Scroll            |       |     5 ||     5
  Eat: Chunk             |       |     8 ||     8
       Pizza             |       |     1 ||     1
